 Dungeon Crawl Stone Soup version 0.30-a0-711-gf4ac18a38d (webtiles) character file.

Game seed: 11499959020799346543

4625 wormed the Sneak (level 10, -9/76 HPs)
             Began as a Demonspawn Fire Elementalist on Jan 22, 2023.
             Was a Follower of Vehumet.
             Mangled by a fire elemental (13 damage)
             ... summoned by a deep elf pyromancer
             ... on level 8 of the Dungeon.
             The game lasted 00:17:26 (11066 turns).

wormed the Sneak (Demonspawn Fire Elementalist)    Turns: 11066, Time: 00:17:26

Health: -9/76      AC:  7    Str:  8    XL:     10   Next: 19%
Magic:  8/18       EV: 14    Int: 20    God:    Vehumet [*.....]
Gold:   368        SH:  0    Dex: 15    Spells: 12/20 levels left

rFire   . . .      SeeInvis .    g - staff of conjuration
rCold   . . .      Faith    .    (no shield)
rNeg    . . .      Spirit   .    a - +0 robe
rPois   +          Reflect  .    (no helmet)
rElec   +          Harm     .    (no cloak)
rCorr   .          Rampage  .    (no gloves)
Will    .....                    l - +0 pair of boots
Stlth   +++                      o - amulet of regeneration
HPRegen 1.12/turn                w - ring of poison resistance
MPRegen 0.16/turn                (no ring)

@: no status effects
A: hooves 1, thin metallic scales 3, demonic magic 1
a: Renounce Religion


You were on level 8 of the Dungeon.
You worshipped Vehumet.
Vehumet was aware of your devotion.
You visited 2 branches of the dungeon, and saw 10 of its levels.

You collected 368 gold pieces.

Inventory:

Hand Weapons
 e - a +0 dagger
Armour
 a - a +0 robe (worn)
 l - a +0 pair of boots (worn)
Magical Staves
 g - a staff of conjuration (weapon)
Jewellery
 o - an amulet of regeneration (around neck)
 t - a ring of protection from cold
 w - a ring of poison resistance (left hand)
Scrolls
 h - 4 scrolls of fog {unknown}
 m - a scroll of torment
 p - 2 scrolls of magic mapping {unknown}
 r - 2 scrolls of enchant weapon {unknown}
 u - a scroll of noise {unknown}
 v - a scroll of fear {unknown}
 x - a scroll of blinking
Potions
 c - 4 potions of lignification
 d - 2 potions of haste
 i - 2 potions of degeneration
 j - 5 potions of curing
 k - 3 potions of mutation
 q - 3 potions of berserk rage


   Skills:
 + Level 6.0 Fighting
 + Level 5.8 Dodging
 + Level 6.3 Stealth
 + Level 5.9 Spellcasting
 + Level 6.0 Conjurations
 + Level 6.2 Fire Magic


You had 12 spell levels left.
You knew the following spells:

 Your Spells              Type           Power      Damage    Failure   Level
b - Scorch                Fire           62%        2d8       1%          2
c - Inner Flame           Hex/Fire       18%        N/A       9%          3
d - Stone Arrow           Conj/Erth      52%        3d10      10%         3

Your spell library contained the following spells:

 Spells                   Type           Power      Damage    Failure   Level
 Freeze                   Ice            20%        1d4       11%         1
 Foxfire                  Conj/Fire      100%       2x1d9     1%          1
 Flame Wave               Conj/Fire      45%        2d12      9%          4
 Sandblast                Erth           10%        2d5       11%         1
 Slow                     Hex            20%        N/A       11%         1
 Kindle Blastsparks       Fire/Tloc/Air  28%        2d12      14%         3
 Passwall                 Tmut/Erth      4%         N/A       16%         2
 Confusing Touch          Hex            5%         N/A       32%         3
 Vampiric Draining        Necr           5%         2d6       32%         3


Dungeon Overview and Level Annotations

Branches:
Dungeon (9/15)             Temple (1/1) D:6
   Lair: D:8-11         Orc: D:9-12

Altars:
Ashenzari
Cheibriados
Dithmenos
Fedhas
Gozag
Makhleb
Nemelex Xobeh
Okawaru
Qazlal
Ru
Trog
Uskayaw
Vehumet
Wu Jian
Xom
Yredelemnul

Shops:
D:7 =

Annotations:
D:1 2 transporters
D:5 1 runed translucent door, wormed's ghost, amateur DsFE
D:8 Amaemon; Maggie


Innate Abilities, Weirdness & Mutations

You have large cloven feet.
You are completely covered in thin metallic scales. (AC +4, rElec)
Spells you cast may paralyse adjacent enemies.


Message History

The fire elemental misses you. The fire elemental hits you.
The fire elemental burns you!
You feel much better. The fire elemental hits you.
The fire elemental burns you!
Found a stone staircase leading up.
The fire elemental hits you. The fire elemental burns you!
The fire elemental hits you. The fire elemental burns you!
A kobold brigand comes into view.
It is wielding a +0 dagger and quivering poisoned darts.
A centaur warrior comes into view.
The fire elemental hits you. The fire elemental burns you!
You feel much better.
The centaur warrior shouts!
The bullfrog barely misses you. The fire elemental closely misses you.
The bullfrog closely misses you. The fire elemental hits you.
The fire elemental burns you!
An orc comes into view. It is wielding a +0 flail.
The bullfrog barely misses you. x2; The bullfrog hits you.
Maggie the Vainglorious comes into view.
She is wielding a +0 morningstar.
The bullfrog hits you.
The centaur warrior wields a +0 shortbow.
The centaur warrior shoots an arrow.
The arrow closely misses you.
The arrow hits the fire elemental!!
A bullfrog comes into view.
The bullfrog closely misses you. The fire elemental barely misses you.
The fire elemental hits you. The fire elemental burns you!
* * * LOW HITPOINT WARNING * * *
The bullfrog croaks.
Maggie shouts!
The centaur warrior shoots an arrow.
The arrow hits you!!
* * * LOW HITPOINT WARNING * * *
The bullfrog closely misses you.
The centaur warrior shoots an arrow.
The bullfrog hits you but does no damage.
There is a stone staircase leading up, spattered with blood here.
As you read the scroll labelled ROUWEG LEUN, it crumbles to dust.
It is a scroll of amnesia.
Your memory of Foxfire unravels.
The kobold brigand shouts!
Something barely misses you. The bullfrog barely misses you.
The centaur warrior shoots an arrow.
The arrow misses you. The fire elemental hits you.
The fire elemental burns you!
You die...

..# #....##......####.°..#
..# ##.####........##○...#
..####.###......e.###○...#
..#................##....#
...............○.####....#
..###...........○.# ######
### #...F......○E○###
#..........EFF..##
.......K.c..@....#
.......F..........#
............o..#..#
..........##..#
....##..@.. #... #...
##....# ### #.. ...... ..
.......


You could see Maggie, a centaur warrior, a deep elf pyromancer, 2 fire
elementals, a kobold brigand, 3 bullfrogs and an orc.

Vanquished Creatures
  Psyche (D:8)
  2 hornets
  Grinder (D:5)
  Sigmund (D:5)
  A shadow (D:9)
  3 yaks (D:9)
  A steam dragon (D:7)
  An acid dragon (D:9)
  A water moccasin (D:6)
  Duvessa (D:5)
  A black bear (D:8)
  An orc warrior (D:9)
  2 centaurs
  A phantom (D:5)
  Blork the orc (D:5)
  4 bullfrogs
  4 necrophages
  A scorpion (D:4)
  10 wights (D:9)
  Dowan (D:5)
  3 killer bees (D:8)
  2 howler monkeys (D:8)
  A gnoll bouda (D:7)
  A jelly (D:5)
  5 orc priests
  3 hounds
  2 iguanas
  3 orc wizards
  Natasha (thrice) (D:2)
  2 hound zombies (D:5)
  5 gnolls (D:7)
  6 adders
  A shadow imp (D:6)
  4 ufetubi
  2 worms
  6 dart slugs
  15 orcs
  11 ball pythons
  6 endoplasms
  4 giant cockroaches
  8 goblins
  5 hobgoblins
  5 jackals (D:5)
  A quokka (D:3)
  4 bats
  4 frilled lizards
  7 kobolds
  5 rats
163 creatures vanquished.

Vanquished Creatures (others)
  286 foxfires
286 creatures vanquished.

Grand Total: 449 creatures vanquished

Notes
Turn   | Place    | Note
-------+----------+-------------------------------------------
     0 | D:1      | wormed the Demonspawn Fire Elementalist began the quest for
                  | the Orb.
     0 | D:1      | Reached XP level 1. HP: 13/13 MP: 3/3
   339 | D:1      | Gained mutation: You have large cloven feet. [demonic
                  | ancestry]
   339 | D:1      | Reached XP level 2. HP: 16/20 MP: 1/5
   348 | D:1      | Learned a level 2 spell: Scorch
   854 | D:1      | Reached XP level 3. HP: 25/25 MP: 4/6
  1361 | D:2      | Reached skill level 1 in Fighting
  1457 | D:2      | Noticed Natasha
  1460 | D:2      | Killed Natasha
  1482 | D:2      | Reached XP level 4. HP: 19/32 MP: 0/7
  1794 | D:2      | Noticed Natasha
  1796 | D:2      | Killed Natasha
  1923 | D:2      | Noticed Natasha
  1927 | D:2      | Killed Natasha
  2573 | D:3      | Identified the +1 short sword of the Teaching Weasel {holy,
                  | Str+2}
  2733 | D:3      | Found a faded altar of an unknown god.
  2844 | D:3      | Gained mutation: You are partially covered in thin metallic
                  | scales. (AC +2) [demonic ancestry]
  2844 | D:3      | Reached XP level 5. HP: 37/37 MP: 2/9
  2911 | D:3      | Found a snail-covered altar of Cheibriados.
  3181 | D:3      | Found a blossoming altar of Fedhas.
  3601 | D:3      | Learned a level 3 spell: Inner Flame
  4801 | D:4      | Gained mutation: Spells you cast may paralyse adjacent
                  | enemies. [demonic ancestry]
  4801 | D:4      | Reached XP level 6. HP: 44/44 MP: 5/10
  5123 | D:5      | Entered Level 5 of the Dungeon
  5286 | D:5      | Found a runed translucent door.
  5288 | D:5      | Found an opulent altar of Gozag.
  5294 | D:5      | Noticed Sigmund
  5675 | D:5      | Killed Sigmund
  5676 | D:5      | Gained mutation: You are mostly covered in thin metallic
                  | scales. (AC +3) [demonic ancestry]
  5676 | D:5      | Reached XP level 7. HP: 46/51 MP: 1/12
  5718 | D:5      | Noticed Blork the orc
  5723 | D:5      | Killed Blork the orc
  6102 | D:5      | Noticed wormed's ghost (amateur DsFE)
  6374 | D:5      | Noticed Grinder
  6381 | D:5      | Killed Grinder
  6382 | D:5      | Reached XP level 8. HP: 49/58 MP: 5/13
  6548 | D:5      | Noticed Dowan
  6550 | D:5      | Noticed Duvessa
  6596 | D:5      | Killed Duvessa
  6608 | D:5      | Killed Dowan
  6858 | D:5      | Found a hide-covered altar of Uskayaw.
  6972 | D:5      | Found a basalt altar of Yredelemnul.
  7402 | D:6      | Found a staircase to the Ecumenical Temple.
  7506 | D:6      | Found a stormy altar of Qazlal.
  7719 | Temple   | Entered the Ecumenical Temple
  7768 | Temple   | Became a worshipper of Vehumet
  8175 | D:7      | Reached skill level 5 in Fire Magic
  8325 | D:7      | Found Wytoasy's Jewellery Emporium.
  8517 | D:7      | Learned a level 3 spell: Stone Arrow
  8573 | D:7      | Reached skill level 5 in Stealth
  8826 | D:7      | Gained mutation: You are completely covered in thin
                  | metallic scales. (AC +4, rElec) [demonic ancestry]
  8826 | D:7      | Reached XP level 9. HP: 66/66 MP: 9/16
  9242 | D:7      | Found a sacrificial altar of Ru.
  9369 | D:8      | Noticed Psyche
  9520 | D:8      | Killed Psyche
  9521 | D:8      | Reached skill level 5 in Spellcasting
  9608 | D:8      | Reached skill level 5 in Fighting
  9608 | D:8      | Reached skill level 5 in Conjurations
  9618 | D:8      | Noticed Amaemon
  9742 | D:9      | Reached skill level 5 in Dodging
 10362 | D:9      | Reached * piety under Vehumet
 10362 | D:9      | Offered knowledge of Freeze by Vehumet.
 10673 | D:9      | Reached XP level 10. HP: 70/76 MP: 1/18
 11042 | D:8      | Noticed a deep elf pyromancer
 11061 | D:8      | Noticed a centaur warrior
 11064 | D:8      | Noticed Maggie
 11065 | D:8      | HP: 3/76 [centaur warrior/arrow (20)]
 11066 | D:8      | Mangled by a fire elemental

Illustrated notes

Levels and vault maps discovered:
D:1:      spicycebolla_arrival_transporter_tutorial, layout_basic
D:2:      layout_basic, uniq_natasha
D:3:      layout_loops_ring, nicolae_overflow_hidden_temple, fedhas_altar_4,
          chequers_ecumenical_altar_simple, kennysheep_another_room,
          hangedman_abyss_or_decor_stabs, nicolae_figureground_sparkle
D:4:      layout_basic
D:5:      layout_loops_cross, grunt_gozag_statues,
          lemuel_zombie_altar_yredelemnul, nicolae_uskayaw_suspiria,
          ebering_ghost_inner_flame, nicolae_figureground_pulse, uniq_duvessa,
          uniq_sigmund, uniq_blork_the_orc, uniq_grinder
D:6:      layout_loops_ring, mainiacjoe_overflow_boulevard, temple_hall
D:7:      layout_basic, marbit_many_paths, serial_shops, kennysheep_mini
D:8:      layout_layer_cave, lemuel_crystal_altar, minmay_pinched_square,
          uniq_psyche, uniq_amaemon, uniq_maggie, uniq_grum
D:9:      layout_basic
Temple:   hellmonk_temple_of_storms

Skill      XL: |  1  2  3  4  5  6  7  8  9 10 |
---------------+-------------------------------+-----
Stealth        | 2 3 4 5 6 |  6.3
Dodging        | 2 3 4 5 |  5.8
Fighting       | 1 2 3 4 5 6 |  6.0
Fire Magic     | 3 4 5 6 |  6.2
Conjurations   | 2 3 4 5 6 |  6.0
Spellcasting   | 3 4 5 |  5.9

Action                     |  1- 3 |  4- 6 |  7- 9 | 10-12 || total
---------------------------+-------+-------+-------+-------++-------
  Melee: Unarmed           |    13 |       |       |       ||    13
         Dagger            |    10 |       |       |       ||    10
         Staff             |    14 |     5 |    41 |     5 ||    65
         Kick              |     2 |       |       |       ||     2
         Punch             |       |       |     1 |       ||     1
   Cast: Foxfire           |    43 |    42 |    73 |    11 ||   169
         Scorch            |     2 |    63 |    91 |     9 ||   165
         Inner Flame       |       |       |    47 |     8 ||    55
    Use: Scroll            |       |       |    10 |     2 ||    12
         Potion            |       |       |     3 |     3 ||     6
   Stab: Paralysed         |       |     1 |     2 |       ||     3
 Armour: Robe              |    15 |    14 |    29 |    28 ||    86
  Dodge: Dodged            |    39 |    21 |    59 |    52 ||   171

Table legend: (Time is in decaauts)
 A = Elapsed time spent in this place.
 B = Non-inter-level travel time spent in this place.
 C = Inter-level travel time spent in this place.
 D = Time resting spent in this place.
 E = Time spent auto-exploring this place.
 F = Levels seen in this place.
 G = Mean time per level.
                   A        B        C        D        E       F      G
               +--------+--------+--------+--------+--------+-----+--------+
         Total |  11073 |  10723 |    350 |    177 |   8839 |  10 | 1107.3 |
       Dungeon |  11021 |  10681 |    340 |    177 |   8815 |   9 | 1224.6 |
        Temple |     52 |     43 |      9 |      0 |     24 |   1 |   52.0 |
               +--------+--------+--------+--------+--------+-----+--------+

Top non-repeatable levels by time:
     D:5: 1819 daAuts
     D:4: 1650 daAuts
     D:7: 1351 daAuts
     D:1: 1267 daAuts
     D:2: 1227 daAuts
     D:9: 1111 daAuts
     D:3: 1110 daAuts
     D:6: 919 daAuts
     D:8: 564 daAuts
  Temple: 52 daAuts
